 Dungeon Crawl Stone Soup version 0.23-a0-164-g7711e57 (webtiles) character file.

8649 royalsmiley the Cleaver (level 11, 0/99 HPs)
             Began as a Deep Dwarf Fighter on Sept 10, 2018.
             Slain by a 13-headed hydra (3 damage)
             ... on level 2 of the Lair of Beasts.
             The game lasted 00:32:21 (7803 turns).

royalsmiley the Cleaver (Deep Dwarf Fighter)        Turns: 7803, Time: 00:32:22

Health: 0/99       AC: 14    Str: 28    XL:     11   Next: 12%
Magic:  4/4        EV: 12    Int:  9    God:
Gold:   282        SH: 12    Dex: 12    Spells: 10/10 levels left

rFire    x . .     SeeInvis .   a - +1 war axe
rCold    + . .     Gourm    .   c - +0 shield
rNeg     . . .     Faith    .   r - +2 ring mail {rPois}
rPois    +         Spirit   .   z - +1 helmet
rElec    .         Reflect  .   w - +2 cloak
rCorr    .         Harm     .   (no gloves)
MR       +....                  (no boots)
Stlth    +.........             C - amulet of rage
HPRegen  0.00/turn              B - ring of ice
MPRegen  0.09/turn              (no ring)

@: mighty, non-regenerating
A: damage resistance, heal wounds, sense surroundings 2, no regeneration
a: Heal Wounds, Evoke Berserk Rage


You were on level 2 of the Lair of Beasts.
You were very hungry.

You visited 2 branches of the dungeon, and saw 12 of its levels.

You collected 649 gold pieces.
You spent 367 gold pieces at shops.

Inventory:

Hand Weapons
 a - a +1 war axe (weapon)
 k - a +0 hand axe of chopping
Armour
 c - a +0 shield (worn)
 r - a +2 ring mail of poison resistance (worn)
 w - a +2 cloak (worn)
 z - a +1 helmet (worn)
Jewellery
 s - an uncursed ring of wizardry
 B - a ring of ice (left hand)
 C - an amulet of rage (around neck)
 E - a cursed -5 ring of dexterity {unknown}
Wands
 u - a wand of polymorph (6)
 D - a wand of random effects (32)
 H - a wand of disintegration (12)
 I - a wand of iceblast (13)
 J - a wand of clouds (7)
Scrolls
 e - 6 scrolls of remove curse
 h - 4 scrolls of identify
 q - a scroll of fear
 v - 6 scrolls of teleportation
 x - 2 scrolls of enchant weapon
Potions
 b - a potion of agility {unknown}
 g - 4 potions of lignification
 i - 3 potions of curing {unknown}
 j - 2 potions of heal wounds {unknown}
 l - 2 potions of berserk rage {unknown}
 m - 4 potions of flight {unknown}
 n - 3 potions of mutation {unknown}
 o - a potion of cancellation {unknown}
 p - a potion of degeneration {unknown}
 t - a potion of brilliance {unknown}
 A - a potion of magic {unknown}
 K - a potion of ambrosia {unknown}
Comestibles
 f - 26 rations


   Skills:
 + Level 6.8 Fighting
 + Level 12.1 Axes
 * Level 8.9 Armour
 - Level 4.1 Dodging
 + Level 1.4 Stealth
 + Level 9.0 Shields
 + Level 0.5 Evocations


You had 10 spell levels left.
You didn't know any spells.
Your spell library contained the following spells:

 Spells                   Type           Power        Failure   Level  Hunger
 Flame Tongue             Conj/Fire      #....        77%         1    ##.....
 Magic Dart               Conj           #...         77%         1    ##.....
 Searing Ray              Conj           #.....       88%         2    ###....
 Throw Flame              Conj/Fire      #.....       88%         2    ###....
 Conjure Flame            Conj/Fire      #.......     98%         3    ####...
 Dazzling Spray           Conj/Hex       #.....       98%         3    ####...
 Inner Flame              Hex/Fire       #.......     98%         3    ####...
 Force Lance              Conj/Tloc      #.......     100%        4    #####..
 Fulminant Prism          Conj/Hex       #.........   100%        4    #####..
 Iskenderun's Mystic Bla  Conj           #.......     100%        4    #####..
 Sticky Flame             Conj/Fire      #.......     100%        4    #####..
 Fireball                 Conj/Fire      #.........   100%        5    ######.


Dungeon Overview and Level Annotations

Branches:
Dungeon (10/15)            Temple (0/1) D:7            Lair (2/6) D:10
    Orc (0/2) D:10
  Swamp: Lair:2-4    Shoals: Lair:2-4     Snake: Lair:2-4    Spider: Lair:2-4

Altars:
Dithmenos
Gozag
Vehumet
Xom
Yredelemnul
The Shining One

Shops:
D:6 (::[   D:8 ?


Innate Abilities, Weirdness & Mutations

You are resistant to damage.
You can heal yourself by infusing magical energy.
You passively map the area around you.
You do not regenerate.


Message History

The 13-headed hydra bites you!
* * * LOW HITPOINT WARNING * * *
You block the 13-headed hydra's attack. The 13-headed hydra barely misses you.
You block the 13-headed hydra's attack. The 13-headed hydra barely misses you.
The 13-headed hydra bites you.
* * * LOW HITPOINT WARNING * * *
You block the 13-headed hydra's attack.
The 13-headed hydra bites you but does no damage.
The 13-headed hydra misses you. The 13-headed hydra bites you!
* * * LOW HITPOINT WARNING * * *
You block the 13-headed hydra's attack. The blink frog barely misses you.
As you read the scroll of fear, it crumbles to dust.
You assume a fearsome visage.
The 13-headed hydra resists with almost no effort.
The blink frog looks frightened! x2; The blink frog blinks!
The 13-headed hydra closely misses you. The 13-headed hydra bites you!
* * * LOW HITPOINT WARNING * * *
The 13-headed hydra bites you but does no damage.
The 13-headed hydra bites you.
You die...

............##........#.......#PP
............##..>...#....##..###.
.............#...........#P..# .
........................##P...
.....P..........P...#.......... ,
...........................#....
...............§F........., * *
.###.†.#.......D..P..PP.. *
##P......F.§@..##..#.. * , *
###..#.....§.#.P...... *
#.....##.....#..).#... * *
#...###..#.......###.#.. #.##
##..§<..##.# *##., * # ##...### *
** #...# * ##.## ###


You could see a 13-headed hydra and 2 blink frogs.

Vanquished Creatures
  2 centaur zombies
  Joseph (D:8)
  An elephant (D:10)
  A spiny frog (Lair:2)
  A troll (D:10)
  Grinder (D:6)
  Prince Ribbit (D:6)
  3 hippogriffs
  2 blink frogs (Lair:2)
  Sigmund (D:6)
  A spriggan (D:8)
  12 yaks
  A basilisk (D:10)
  Edmund (D:6)
  A water moccasin (Lair:1)
  A porcupine (Lair:1)
  3 orc warriors
  2 phantoms
  An ice beast (D:8)
  A black bear (D:9)
  2 sky beasts
  A necrophage (D:5)
  6 centaurs
  2 crocodiles
  7 bullfrogs
  A big kobold (D:7)
  2 scorpions
  4 howler monkeys (D:10)
  A crimson imp (D:8)
  2 bullfrog zombies
  5 hounds
  A gnoll shaman (D:4)
  3 orc priests
  2 bullfrog skeletons
  2 jellies
  Terence (D:2)
  8 orc wizards
  5 worker ants
  A hound zombie (D:5)
  4 gnolls (D:4)
  5 adders
  An ooze (D:1)
  An adder zombie (D:5)
  3 adder skeletons
  3 worms
  A dart slug (D:1)
  7 leopard geckos
  39 orcs
  8 giant cockroaches
  5 goblins
  8 hobgoblins
  10 jackals
  A quokka (D:7)
  8 bats
  6 frilled lizards
  11 kobolds
  8 rats
  A fungus (Lair:1)
224 creatures vanquished.

Vanquished Creatures (others)
  An orc wizard (D:10)
  An orc (D:6)
  2 fungi (Lair:1)
4 creatures vanquished.

Grand Total: 228 creatures vanquished

Notes
Turn   | Place    | Note
-------+----------+-------------------------------------------
     0 | D:1      | royalsmiley the Deep Dwarf Fighter began the quest for the
                  | Orb.
     0 | D:1      | Reached XP level 1. HP: 20/20 MP: 1/1
   162 | D:1      | Reached XP level 2. HP: 24/27 MP: 2/2
   488 | D:1      | Reached XP level 3. HP: 24/33 MP: 3/3
  1164 | D:2      | Reached skill level 3 in Axes
  1167 | D:2      | Noticed Terence
  1186 | D:2      | Killed Terence
  1186 | D:2      | Reached XP level 4. HP: 22/42 MP: 4/4
  1621 | D:3      | Noticed a centaur
  1634 | D:3      | Killed a centaur
  1634 | D:3      | Reached XP level 5. HP: 40/49 MP: 4/4
  1638 | D:3      | Reached skill level 4 in Axes
  1689 | D:3      | Found a faded altar of an unknown god.
  1832 | D:3      | Found a glowing golden altar of the Shining One.
  1927 | D:3      | Found an opulent altar of Gozag.
  2365 | D:4      | Found a radiant altar of Vehumet.
  2464 | D:4      | Reached skill level 1 in Dodging
  2476 | D:4      | Reached XP level 6. HP: 42/56 MP: 5/5
  2779 | D:4      | Reached skill level 5 in Armour
  2904 | D:4      | Reached skill level 5 in Axes
  3000 | D:5      | Entered Level 5 of the Dungeon
  3026 | D:5      | Reached XP level 7. HP: 26/62 MP: 6/6
  3081 | D:5      | Reached skill level 5 in Shields
  3227 | D:5      | Reached skill level 6 in Axes
  3699 | D:5      | Reached XP level 8. HP: 41/70 MP: 6/6
  3886 | D:6      | Noticed Sigmund
  3897 | D:6      | Killed Sigmund
  3951 | D:6      | Reached skill level 7 in Axes
  3971 | D:6      | Found Niux's Armour Shoppe.
  3972 | D:6      | Found Ugeneal's Book Shoppe.
  3997 | D:6      | Bought a +0 cloak for 45 gold pieces
  4051 | D:6      | Found Verhot's Book Shoppe.
  4094 | D:6      | Found a shadowy altar of Dithmenos.
  4184 | D:6      | Noticed Grinder
  4186 | D:6      | Noticed Prince Ribbit
  4193 | D:6      | Killed Grinder
  4209 | D:6      | Killed Prince Ribbit
  4216 | D:6      | Found a shimmering altar of Xom.
  4224 | D:6      | Noticed Edmund
  4238 | D:6      | Killed Edmund
  4238 | D:6      | Reached skill level 8 in Axes
  4447 | D:6      | Found Nocab's Antique Weapon Emporium.
  4688 | D:7      | Gained mutation: You passively map the area around you.
                  | [Deep Dwarf growth]
  4688 | D:7      | Reached XP level 9. HP: 60/80 MP: 7/7
  4760 | D:7      | Found a glowing golden altar of the Shining One.
  4765 | D:7      | Found a basalt altar of Yredelemnul.
  4768 | D:7      | Noticed a profane servitor
  4830 | D:7      | Found a staircase to the Ecumenical Temple.
  5423 | D:7      | Noticed an angel
  5482 | D:8      | Reached skill level 1 in Stealth
  5486 | D:8      | Reached skill level 5 in Fighting
  5509 | D:8      | Found Zuociv's Magic Scroll Shop.
  5518 | D:8      | Bought a scroll of enchant armour for 105 gold pieces
  5518 | D:8      | Bought a scroll of identify for 28 gold pieces
  5518 | D:8      | Bought a scroll of identify for 28 gold pieces
  5518 | D:8      | Bought a scroll of identify for 28 gold pieces
  5518 | D:8      | Bought a scroll of identify for 28 gold pieces
  5518 | D:8      | Bought a scroll of enchant armour for 105 gold pieces
  5628 | D:8      | Reached skill level 9 in Axes
  5703 | D:8      | Noticed Joseph
  5750 | D:8      | Killed Joseph
  6311 | D:9      | Reached skill level 10 in Axes
  6347 | D:9      | Reached XP level 10. HP: 58/91 MP: 7/7
  6810 | D:10     | Entered Level 10 of the Dungeon
  6889 | D:10     | Found a staircase to the Orcish Mines.
  6983 | D:10     | Noticed an elephant
  6984 | D:10     | Found a staircase to the Lair.
  6995 | D:10     | Reached skill level 11 in Axes
  6999 | D:10     | Killed an elephant
  7060 | Lair:1   | Entered Level 1 of the Lair of Beasts
  7458 | Lair:1   | Reached XP level 11. HP: 51/99 MP: 8/8
  7710 | Lair:2   | Reached skill level 12 in Axes
  7743 | Lair:2   | Noticed a six-headed hydra
  7803 | Lair:2   | HP: 3/99 [13-headed hydra (4)]
  7803 | Lair:2   | Slain by a 13-headed hydra

Vault maps used:
D:1:      tarquinn_simple_flora_water_c, minmay_statues_item, st_stairs_13
D:2:      dk_vineyard_1, grunt_decor_fettered, uniq_terence
D:3:      lemuel_crystal_altar, chequers_ecumenical_altar_island, first_ration,
          tso_metal_star
D:4:      lemuel_round_altar, st_stairs_4
D:5:      glass_columns_b, hangedman_abyss_or_decor_lesser_grid
D:6:      overflow_temple_1_default, lemuel_doored_altar, serial_shops,
          nicolae_shop_window_shopping, shop_fountains, shop,
          kennysheep_little_box, uniq_prince_ribbit1, uniq_grinder, uniq_edmund,
          uniq_sigmund
D:7:      grunt_temple_overflow_holy_war, minmay_temple_entry_trees
D:8:      serial_shops, shop, the_bakery, uniq_joseph
D:10:     david_lair_generic, orc_0_dummy
Lair:2:   dummy_spider_entry, disabler_island, serial_bayou_shore_b

Skill      XL: |  1  2  3  4  5  6  7  8  9 10 11 |
---------------+----------------------------------+-----
Axes           | 3 4 5 6 8 10 11 12 | 12.1
Fighting       | 3 4 5 6 |  6.8
Armour         | 4 5 6 7 8 |  8.9
Shields        | 4 5 6 7 8 9 |  9.0
Dodging        | 1 2 3 4 |  4.1
Stealth        | 1 |  1.4
Evocations     | |  0.5

Action                   |  1- 3 |  4- 6 |  7- 9 | 10-12 || total
-------------------------+-------+-------+-------+-------++-------
Melee: War axe           |    52 |    80 |   362 |   254 ||   748
       Hand axe          |    58 |   145 |       |       ||   203
 Abil: Heal Wounds       |       |     6 |    15 |    29 ||    50
       Evoke Berserk Rag |       |       |       |     1 ||     1
  Use: Scroll            |     3 |     5 |    13 |     4 ||    25
       Potion            |       |       |       |     1 ||     1
  Eat: Chunk             |       |     7 |    12 |     1 ||    20
       Ration            |       |       |       |     1 ||     1
Armor: Scale mail        |    48 |    54 |       |       ||   102
       Ring mail         |       |    29 |   103 |   190 ||   322
Dodge: Dodged            |    38 |    90 |   121 |   195 ||   444
Block: Shield            |    57 |   133 |   192 |   260 ||   642

Table legend:
 A = Non-vault XP
 B = Vault XP
 C = Vault XP percentage of total XP
 D = Non-vault monster count
 E = Vault monster count
 F = Vault count percentage of total count
                 A         B        C        D         E       F
            +---------+---------+-------+---------+---------+-------
      Total |    9727 |    2630 |  21.3 |     211 |      13 |   5.8
            +---------+---------+-------+---------+---------+-------
        D:1 |      48 |       4 |   7.7 |      26 |       1 |   3.7
        D:2 |      47 |      36 |  43.4 |      17 |       1 |   5.6
        D:3 |     135 |       0 |   0.0 |      12 |       0 |   0.0
        D:4 |     373 |       5 |   1.3 |      27 |       1 |   3.6
        D:5 |     836 |       0 |   0.0 |      23 |       0 |   0.0
        D:6 |     320 |     930 |  74.4 |      14 |       4 |  22.2
        D:7 |     273 |       0 |   0.0 |      16 |       0 |   0.0
        D:8 |     894 |     661 |  42.5 |      17 |       2 |  10.5
        D:9 |    1810 |       0 |   0.0 |      19 |       0 |   0.0
       D:10 |    1149 |     994 |  46.4 |      21 |       4 |  16.0
     Lair:1 |    2823 |       0 |   0.0 |      15 |       0 |   0.0
     Lair:2 |    1019 |       0 |   0.0 |       4 |       0 |   0.0
            +---------+---------+-------+---------+---------+-------
